 Dungeon Crawl Stone Soup version 0.18.1-50-g88ac8fd (webtiles) character file.

4613 magog001 the Cleaver (level 10, -8/90 HPs)
             Began as a Hill Orc Fighter on Feb 18, 2018.
             Mangled by a quicksilver dragon (17 damage)
             ... in a bailey on Feb 20, 2018.
             The game lasted 00:49:54 (9594 turns).

magog001 the Cleaver (Hill Orc Fighter)             Turns: 9594, Time: 00:49:54

Health: -8/90      AC: 18    Str: 26    XL:     10   Next: 42%
Magic:  10/10      EV: 11    Int:  8    God:
Gold:   446        SH: 12    Dex: 10    Spells: 0 memorised, 9 levels left

rFire  . . .     SeeInvis .     a - +1 war axe
rCold  . . .     Gourm    .     s - +5 ring mail of Fyonorgh {Str+3}
rNeg   . . .     Faith    .     c - +0 shield
rPois  .         Spirit   .     r - +2 helmet
rElec  .         Dismiss  .     p - +0 cloak
rCorr  .         Reflect  .     (no gloves)
SustAt +         Harm     .     C - +1 pair of boots
MR     .....                    (no amulet)
Stlth  +.........               n - ring of sustain attributes
                                (no ring)

@: not resistant to hostile enchantments, very unstealthy
A: no striking features
a: no special abilities


You were in a bailey.
You were not hungry.

You visited 1 branch of the dungeon, and saw 8 of its levels.
You also visited: Ossuary and Bailey.

You collected 621 gold pieces.
You spent 175 gold pieces at shops.

Inventory:

Hand Weapons
 a - a +1 war axe (weapon)
 e - a +0 hunting sling
 w - a +0 blowgun
 L - a +0 hand axe
Missiles
 j - 8 needles of paralysis
 x - 63 poisoned needles
 B - 2 curare-tipped needles
 I - 21 sling bullets
 M - 30 tomahawks of returning (quivered)
Armour
 c - a +0 shield (worn)
 p - a +0 cloak (worn)
 r - a +2 helmet (worn)
 s - the +5 ring mail of Fyonorgh (worn) {Str+3}
   (You found it on level 6 of the Dungeon)

   It affects your strength (+3).
 C - a +1 pair of boots (worn)
 N - a +0 leather armour
Jewellery
 n - a ring of sustain attributes (right hand)
 o - a +4 ring of intelligence {unknown}
 v - an uncursed ring of resist corrosion {unknown}
Wands
 b - a wand of polymorph (12/24)
 h - a wand of polymorph (3/24)
 E - a wand of slowing (20/48)
Scrolls
 g - 2 scrolls of remove curse
 l - 3 scrolls of random uselessness
 m - 3 scrolls of blinking {unknown}
 q - 3 scrolls of identify
 O - a scroll of teleportation
Potions
 d - a potion of resistance {unknown}
 i - 2 potions of brilliance
 k - a potion of berserk rage {unknown}
 t - a potion of beneficial mutation {unknown}
 u - a potion of agility
 z - 4 potions of curing {unknown}
 A - 2 potions of magic {unknown}
 H - 2 potions of haste {unknown}
 J - 2 potions of mutation {unknown}
Comestibles
 f - 6 bread rations
 F - 2 beef jerkies
 G - 7 slices of pizza
 K - 3 chunks of flesh


   Skills:
 * Level 8.4 Fighting
 * Level 9.6 Axes
 * Level 7.6 Armour
 + Level 4.0 Dodging
 + Level 0.8 Stealth
 * Level 9.6 Shields


You had 9 spell levels left.
You didn't know any spells.

Dungeon Overview and Level Annotations

Branches:
Dungeon (8/15)             Temple (0/1) D:7
   Lair: D:8-11

Altars:
Ashenzari
Dithmenos
Kikubaaqudgha
Makhleb
Pakellas
Xom
Zin

Shops:
D:3 *   D:4 [*


Message History

Evoking this partially-identified wand wasted a few charges.
The quicksilver dragon bites you!!
* * * LOW HITPOINT WARNING * * *
You block the quicksilver dragon's attack.
You miss the quicksilver dragon.
The quicksilver dragon breathes dispelling energy at you.
The bolt of dispelling energy hits you!
Your magical effects are unravelling.
* * * LOW HITPOINT WARNING * * *
You block the quicksilver dragon's attack. x2
Evoke which item? (* to show all) (? for menu, Esc to quit)
Zapping:
h - a wand of polymorph {zapped: 3} (will waste charges)
Press: ? - help, Shift-Dir - straight line, f/p - quicksilver dragon
Aim: a quicksilver dragon (catching its breath, chance to defeat MR: 0%)
The quicksilver dragon resists with almost no effort.
Evoking this partially-identified wand wasted a few charges.
You feel a little less agile now.
You block the quicksilver dragon's attack. x2
You miss the quicksilver dragon. The quicksilver dragon bites you!
You die...

#...'g≈.........#....÷+÷..
#...'≈≈....∩....#.....+...
#...'o≈.........#.....+...
#...##≈8.8...8.8##....#...
##....#≈........!≈#....##..
##.))..#≈≈#≈.....:≈#.....##.
##......#### ≈≈#≈≈≈##).....##
#...8......#########........#
#.........gD@....'....8..8..#
#..........#≈≈≈≈≈#..........#
##..8..8...#≈≈≈≈≈#.........##
##.......##≈≈≈≈≈##...8...##
##.....##((.....##.....##
##...##.(..(....##...##
#####♣♣♣.....♣♣♣ #### ♣♣♣∩♣♣♣


You could see a quicksilver dragon and a goblin.

Vanquished Creatures
  A hill giant (D:8)
  The ghost of nyan the Sneak, a novice OpMo of Pakellas (D:5)
  A two-headed ogre (D:4)
  A yak (D:7)
  A human (D:7)
  Duvessa (D:7)
  A water moccasin (D:6)
  5 orc warriors
  A necrophage (D:8)
  3 ogres
  2 phantoms
  3 centaurs
  2 giant frogs
  A gnoll sergeant (D:7)
  A wyvern skeleton (D:6)
  Dowan (D:7)
  A scorpion (D:5)
  A water moccasin skeleton (D:5)
  6 howler monkeys
  A crimson imp (D:5)
  A quasit (D:7)
  6 orc priests
  2 centaur zombies
  3 hounds
  7 orc wizards
  A centaur skeleton (D:7)
  Jessica (D:2)
  3 iguanas
  3 worker ants
  Natasha (twice) (D:2)
  3 sheep (D:7)
  2 big kobold zombies (Ossuary)
  A hound skeleton (D:8)
  2 mummies (Ossuary)
  4 gnolls
  9 adders
  3 shadow imps
  3 oozes
  2 adder skeletons (D:4)
  3 worms (D:2)
  A dart slug (D:2)
  2 giant geckos
  30 orcs
  12 bats
  7 giant cockroaches
  4 gnoll zombies (Ossuary)
  7 hobgoblins
  3 jackals (D:6)
  23 kobolds
  8 giant newts
  8 goblins
  3 hobgoblin zombies (Ossuary)
  3 jackal skeletons
  4 orc zombies (Ossuary)
  11 rats
222 creatures vanquished.

Notes
Turn   | Place    | Note
--------------------------------------------------------------
     0 | D:1      | magog001 the Hill Orc Fighter began the quest for the Orb.
     0 | D:1      | Reached XP level 1. HP: 19/19 MP: 1/1
   225 | D:1      | Reached XP level 2. HP: 24/27 MP: 2/2
   556 | D:1      | Reached XP level 3. HP: 32/33 MP: 3/3
  1164 | D:2      | Reached XP level 4. HP: 37/41 MP: 4/4
  1188 | D:2      | Noticed Natasha
  1193 | D:2      | Killed Natasha
  1629 | D:2      | Noticed Jessica
  1649 | D:2      | Killed Jessica
  1649 | D:2      | Reached XP level 5. HP: 40/47 MP: 5/5
  1743 | D:2      | Noticed Natasha
  1750 | D:2      | Killed Natasha
  1962 | D:3      | Reached skill level 5 in Fighting
  2015 | D:3      | Found Zin's Purification Station.
  2026 | D:3      | Found a glowing silver altar of Zin.
  2601 | D:3      | Reached skill level 1 in Dodging
  2975 | D:4      | Noticed a two-headed ogre
  2983 | D:4      | Killed a two-headed ogre
  2983 | D:4      | Reached skill level 5 in Shields
  2983 | D:4      | Reached XP level 6. HP: 4/56 MP: 6/6
  3355 | D:4      | Found Dieguv's Armour Boutique.
  3371 | D:4      | Bought a +1 helmet for 115 gold pieces
  3465 | D:4      | Reached XP level 7. HP: 51/61 MP: 7/7
  3771 | D:4      | Found a burning altar of Makhleb.
  3919 | D:4      | Reached skill level 5 in Axes
  4163 | D:4      | Found Fireju's General Store.
  4966 | D:5      | Entered Level 5 of the Dungeon
  4974 | D:5      | Reached skill level 5 in Armour
  5080 | D:5      | Noticed nyan's ghost (novice OpMo)
  5081 | D:5      | Reached XP level 8. HP: 58/70 MP: 8/8
  5124 | D:5      | Killed nyan's ghost
  5361 | D:5      | Found a shadowy altar of Dithmenos.
  5403 | D:5      | Found a shattered altar of Ashenzari.
  6617 | D:4      | Bought a potion of heal wounds for 60 gold pieces
  6742 | D:6      | Reached XP level 9. HP: 77/78 MP: 9/9
  7302 | D:6      | Found a shadowy altar of Dithmenos.
  7348 | D:6      | Got a scorched ring mail
  7359 | D:6      | Identified the +5 ring mail of Fyonorgh {Str+3} (You found it on level 6 of the Dungeon)
  7682 | D:7      | Noticed Duvessa
  7683 | D:7      | Noticed Dowan
  7692 | D:7      | Killed Duvessa
  7701 | D:7      | Killed Dowan
  7719 | D:7      | Found an oddly glowing altar of Pakellas.
  7836 | D:7      | Found a staircase to the Ecumenical Temple.
  7887 | D:7      | Found an ancient bone altar of Kikubaaqudgha.
  7984 | D:7      | Reached XP level 10. HP: 80/88 MP: 10/10
  8135 | D:7      | Found a sand-covered staircase.
  8143 | Ossuary  | Entered an ossuary
  8783 | D:8      | Found a shimmering altar of Xom.
  8819 | D:8      | Noticed a hill giant
  8843 | D:8      | Killed a hill giant
  8914 | D:8      | Found a flagged portal.
  8923 | Bailey   | Entered a bailey
  8973 | Bailey   | Noticed an orc warlord
  9457 | Bailey   | Found a runed gate.
  9462 | Bailey   | Found a runed gate.
  9464 | Bailey   | Found a runed gate.
  9591 | Bailey   | Noticed a quicksilver dragon
  9591 | Bailey   | an orc warlord changed into a quicksilver dragon
  9594 | Bailey   | Mangled by a quicksilver dragon

Skill      XL: |  1  2  3  4  5  6  7  8  9 10 |
---------------+-------------------------------+-----
Fighting       | 4 5 6 7 8 |  8.4
Axes           | 3 4 5 6 8 9 |  9.6
Shields        | 4 5 6 8 9 |  9.6
Armour         | 4 5 6 7 |  7.6
Dodging        | 1 2 3 4 |  4.0
Stealth        | |  0.8

Action                   |  1- 3 |  4- 6 |  7- 9 | 10-12 || total
-------------------------+-------+-------+-------+-------++-------
Melee: War axe           |   109 |   157 |   425 |   173 ||   864
Throw: Javelin           |       |       |       |    18 ||    18
       Tomahawk          |       |       |       |    13 ||    13
Evoke: Wand              |       |       |       |     2 ||     2
  Use: Potion            |       |     1 |     1 |     3 ||     5
       Scroll            |       |       |    16 |     2 ||    18
 Stab: Distracted        |       |     1 |       |       ||     1
  Eat: Chunk             |       |     7 |     8 |     1 ||    16
       Meat ration       |       |     1 |       |       ||     1
       Fruit             |       |       |     3 |     1 ||     4
       Bread ration      |       |       |       |     1 ||     1
Armor: Scale mail        |    79 |    28 |       |       ||   107
       Chain mail        |       |    70 |   131 |       ||   201
       Ring mail         |       |       |   119 |    52 ||   171
Dodge: Dodged            |    33 |    19 |   153 |    66 ||   271
Block: Shield            |    84 |    97 |   312 |   122 ||   615
